[Event "Late-Titled-Tuesday-Blitz-May-07-2024"]
[Site "Chess.com"]
[Date "2024.05.07"]
[Round "6"]
[White "GMG"]
[Black "h4parah5"]
[Result "0-1"]
[WhiteElo "2816"]
[BlackElo "3018"]
[TimeControl "180+1"]
[EndTime "15:07:07 PDT"]
[Termination "h4parah5 won on time"]

1. d4 Nf6 2. c4 e6 3. Nf3 d5 4. Nc3 dxc4 5. e3 a6 6. Bxc4 b5 7. Bb3 Bb7 8. O-O c5 9. e4 cxd4 10. Nxd4 Nc6 11. Nxc6 Bxc6 12. Qe2 Be7 13. Rd1 Qc7 14.
e5 Nd7 15. Bf4 O-O 16. Rac1 Qb7 17. f3 Rfd8 18. Bc2 Nc5 19. b4 Nd7 20. Rb1 Nb6 21. Ne4 Rxd1+ 22. Qxd1 Nd5 23. Bd2 Rd8 24. Qe2 Qb6+ 25.
Qf2 Qc7 26. f4 Nb6 27. Nc5 Bd5 28. Be3 Nc4 29. Bd4 Na3 30. Rc1 Nxc2 31. Rxc2 Rc8 32. h3 a5 33. a3 a4 34. Kh2 Qd8 35. Rd2 Qe8 36. Bc3 Rd8 37. Qe2 g6 38. Qf2 h5 39.
Bd4 Ba8 40. Be3 Qc6 41. Rxd8+ Bxd8 42. Qd2 Bh4 43. Kg1 Be1 44. Qe2 Qd5 45. Kf1 Bc3 46.
Kg1 Bc6 47. Kh2 Qc4 48. Qd1 Qd5 49. Qxd5 Bxd5 50. Bc1 h4 51. g3 g5 52. fxg5 Bxe5 53.
Bf4 Bb2 54. Nd3 hxg3+ 55. Kxg3 Bxa3 56. Kf2 Bc4 57. Ke3 Bxd3 58. Kxd3 Bxb4 0-1

[Event "Late-Titled-Tuesday-Blitz-May-07-2024"]
[Site "Chess.com"]
[Date "2024.05.07"]
[Round "6"]
[White "Slovafn"]
[Black "Thjop"]
[Result "0-1"]
[WhiteElo "2424"]
[BlackElo "2610"]
[TimeControl "180+1"]
[EndTime "15:07:07 PDT"]
[Termination "Thjop won by checkmate"]

1. Nf3 Nf6 2. c4 g6 3. g3 Bg7 4. Bg2 O-O 5. O-O d6 6. Nc3 Nc6 7. d3 h6 8. Rb1 a5 9. a3 e5 10. b4 axb4 11. axb4 Be6 12. b5 Ne7 13. Bb2 Qd7 14.
Ra1 Rab8 15. Ra7 Bh3 16. Qa1 Bxg2 17. Kxg2 Nh5 18. e3 f5 19. Ne2 g5 20. Rc1 f4 21. exf4 gxf4 22. Neg1 Ng6 23. c5 Qxb5 24. cxd6 cxd6 25. Rc7 Qxd3 26. g4 Nf6 27. Qa2+ Qd5 28.
Qxd5+ Nxd5 29. Rcxb7 Rxb7 30. Rxb7 Rf7 31. Rxf7 Kxf7 32.
Nd2 Nf6 33. f3 d5 34. Ne2 Ke6 35. Nc3 Bf8 36. Nb3 Bd6 37. Nb5 Bb8 38. Nc5+ Kf7 39. Na6 Nd7 40. Nxb8 Nxb8 41. Nd6+ Ke6 42. Nf5 h5 43. Ng7+ Kf7 44. gxh5 Nh4+ 45. Kf2 Nc6 46. h6 Kg6 47. Ne8 Kxh6 48. Nf6 d4 49. Ke2 Kg6 50. Ne4 Nb4 51. Ba3 Nd5 52. Bd6 Kf5 53. Nf2 Ke6 54.
Bb8 Nc3+ 55. Kd3 Nxf3 56. h3 Kd5 57. Ba7 e4+ 58. Kc2 Nb5 59. Bb6 d3+ 60. Kd1 Nc3+ 61. Kc1 d2+ 62. Kc2 e3 63. Nd3 d1=Q+ 64. Kxc3 Ke4 65. Nc5+ Kf5 66. Nd3 Ne5 67. Nc5 e2 68. Nb3 e1=Q+ 69. Kb2 f3 70. Nd4+ Ke4 71. h4 Nc4+ 72.
Ka2 Qb1# 0-1

[Event "Late-Titled-Tuesday-Blitz-May-07-2024"]
[Site "Chess.com"]
[Date "2024.05.07"]
[Round "6"]
[White "Karacsonyi_Gellert"]
[Black "ATM622"]
[Result "1-0"]
[WhiteElo "2709"]
[BlackElo "2533"]
[TimeControl "180+1"]
[EndTime "15:07:08 PDT"]
[Termination "Karacsonyi_Gellert won by resignation"]

1. e4 c6 2. d4 g6 3. Bg5 Bg7 4. Qd2 d5 5. e5 h6 6. Be3 Qb6 7.
c3 Bf5 8. Nf3 Nd7 9. Be2 h5 10.
O-O Nh6 11. Nh4 Be6 12. a4 a5 13. Na3 Nf5 14. Nxf5 Bxf5 15. c4 O-O 16. h3 Qb4 17. Qc1 Qb6 18. c5 Qc7 19. g4 hxg4 20. hxg4 Be6 21. f4 f5 22. g5 Kf7 23. Kg2 Rh8 24. Qd2 b6 25. cxb6 Qxb6 26. Rac1 Rab8 27. Rc2 Qb3 28. Bd1 Rh4 29. Rh1 Rxh1 30. Kxh1 Qb6 31. Kg2 Rc8 32. Qc3 Bf8 33. Bd2 c5 34. Qxa5 Qxa5 35. Bxa5 c4 36. Bc3 Ra8 37. Rc1 Nb6 38. a5 Nd7 39. Ra1 Nb8 40. Nb5 Bd7 41. Nc7 Ra7 42. e6+ Bxe6 43. Nxe6 Kxe6 44. Bf3 Nc6 45.
Re1+ Kd6 46. Rh1 Nxa5 47. Rh8 Bg7 48. Rg8 Nc6 49. Rxg7 Ra2 50. Rxg6+ e6 51. Rg8 Ke7 52. g6 Kf6 53. g7 Kf7 54. Rc8 Ne7 55. Rc7 Kxg7 56.
Rxe7+ Kf6 57. Re8 Ra1 58. Rf8+ Kg7 59. Re8 Kf7 60. Bh5+ Kf6 61. Bb4 Rb1 62. Rf8+ Kg7 63. Rf7+ Kh6 64. Bf3 Rxb2+ 65. Kg3 Rxb4 66. Rf6+ Kg7 67.
Rxe6 c3 68. Rc6 Rc4 69. Rxc4 dxc4 70. Bd1 Kf6 71. Bc2 Ke6 72. Kf3 Kd6 73. Bxf5 Kd5 74.
Ke3 c2 75. Bxc2 1-0

[Event "Late-Titled-Tuesday-Blitz-May-07-2024"]
[Site "Chess.com"]
[Date "2024.05.07"]
[Round "6"]
[White "koziororo"]
[Black "jaramsdal"]
[Result "1-0"]
[WhiteElo "2585"]
[BlackElo "2388"]
[TimeControl "180+1"]
[EndTime "15:07:09 PDT"]
[Termination "koziororo won on time"]

1. b4 e5 2. Bb2 Bxb4 3. Bxe5 Nf6 4.
Nf3 Nc6 5. Bb2 O-O 6. e3 d5 7. Bd3 Bg4 8. h3 Bh5 9. g4 Bg6 10. a3 Bd6 11. Nc3 Re8 12. Nb5 Ne4 13. h4 h5 14.
Nfd4 Nxd4 15. Nxd4 Qf6 16. Qf3 hxg4 17. Qxf6 gxf6 18. h5 Bh7 19. Ke2 g3 20. f3 Nf2 21.
Rh4 Nxd3 22. cxd3 Kh8 23. f4 Kg7 24. Rg1 Kh6 25. Nb5 Rg8 26. Bxf6 Bf5 27. Nxd6 cxd6 28. Bg5+ Kh7 29. Rxg3 f6 30. Rh1 Rae8 31. Rc1 fxg5 32. fxg5 Re7 33. Rf1 Bd7 34. Rf6 d4 35. Rxd6 dxe3 36.
dxe3 Rgg7 37. e4 Bc6 38. Ke3 Rd7 39. Rh6+ Kg8 40. d4 Rdf7 41. d5 Be8 42. Re6 Re7 43. Rxe7 Rxe7 44. Kd4 Bxh5 45. e5 Be8 46. e6 Kg7 47.
Ke5 Rc7 48. Kd6 Rc1 49. Ke7 Ba4 50. d6 Rd1 51. d7 Re1 52. d8=Q 1-0

[Event "Late-Titled-Tuesday-Blitz-May-07-2024"]
[Site "Chess.com"]
[Date "2024.05.07"]
[Round "6"]
[White "GMthekingindian"]
[Black "duone"]
[Result "1-0"]
[WhiteElo "2277"]
[BlackElo "2413"]
[TimeControl "180+1"]
[EndTime "15:07:09 PDT"]
[Termination "GMthekingindian won by checkmate"]

1. d4 Nf6 2. Nf3 e6 3. g3 d5 4. Bg2 Be7 5. O-O O-O 6. c4 dxc4 7. Qc2 Bd7 8. Qxc4 Bc6 9. Nc3 Nbd7 10. Rd1 a6 11.
Qd3 b5 12. a3 b4 13. axb4 Bxb4 14. Rxa6 Bxc3 15. bxc3 Be4 16. Rxa8 Qxa8 17. Qd2 Nb6 18. Ne1 Nc4 19. Bxe4 Nxe4 20. Qc2 f5 21. Nd3 Rb8 22. Bf4 Qb7 23. f3 Ned6 24. Nc5 Qb2 25. Qxb2 Rxb2 26.
Nxe6 Rxe2 27. Nxc7 Rc2 28. Nd5 Nb5 29. Rc1 Ra2 30. Ne7+ Kf7 31. Nxf5 g6 32. Ne3 Nd2 33. Rc2 Ra1+ 34. Kg2 Nb3 35. Rb2 Ra3 36. d5 Nxc3 37. d6 Ke6 38. Nc4 Na4 39. Re2+ Kd7 40. Nxa3 Nd4 41. Rf2 Nc5 42. Nc4 Nd3 43. Ne5+ Nxe5 44. Bxe5 Nc6 45. f4 g5 46. Kh3 h5 47. Kg2 g4 48. Re2 Nd8 49. Kf2 Nf7 50. Ke3 Nd8 51. Ke4 Ne6 52. Kf5 Nc5 53. Kg6 Ne6 54. Re3 Nf8+ 55. Kxh5 Ne6 56. Kxg4 Nc5 57. Rf3 Nb7 58. h4 Nd8 59. h5 Ne6 60. f5 Nc5 61. Bf4 Ne4 62. h6 Nf6+ 63. Kh3 Nh7 64. g4 Nf6 65. g5 Nh7 66. Kg4 Nf6+ 67. gxf6 Ke8 68. Re3+ Kf7 69. Re7+ Kxf6 70. Be5# 1-0

[Event "Late-Titled-Tuesday-Blitz-May-07-2024"]
[Site "Chess.com"]
[Date "2024.05.07"]
[Round "6"]
[White "TheDiscoOne"]
[Black "KebabJangles"]
[Result "0-1"]
[WhiteElo "2509"]
[BlackElo "2378"]
[TimeControl "180+1"]
[EndTime "15:07:10 PDT"]
[Termination "KebabJangles won by checkmate"]

1. c4 Nf6 2. g3 g6 3. Bg2 Bg7 4. Nc3 O-O 5. e4 e5 6. Nge2 d6 7. O-O Nc6 8. d3 Nd7 9. Rb1 a5 10. a3 f5 11. exf5 gxf5 12. f4 Kh8 13. b4 axb4 14.
axb4 Nf6 15. b5 Ne7 16. Qc2 Ng6 17. Bd2 Be6 18. Bxb7 Ra7 19. Bg2 Qe7 20. Ra1 Rxa1 21. Rxa1 Rd8 22. Ra7 d5 23. cxd5 Qc5+ 24. Kh1 Qxa7 25. dxe6 Re8 26. Nd5 Ng4 27. Be1 Rxe6 28. Qxc7 Qa1 29. Qc3 exf4 30. Qxa1 Bxa1 31. Bf3 Be5 32.
gxf4 Nxf4 33. Nexf4 Bxf4 34. Bc3+ Be5 35. Bxe5+ Nxe5 36. Kg2 Nxd3 37. b6 Nc5 38. Kg3 Kg7 39. Kf4 Kg6 40. h4 h5 41. Kg3 Rd6 42. Nf4+ Kf6 43. Nxh5+ Ke5 44. b7 Rb6 45. Nf4 Ne4+ 46. Bxe4 fxe4 47.
h5 Rxb7 48. h6 Rh7 49. Kf2 Kxf4 50. Ke2 Rxh6 51. Kf2 Rh2+ 52. Kg1 Ra2 53. Kf1 e3 54. Ke1 Kf3 55. Kd1 e2+ 56. Ke1 Ra1+ 57. Kd2 e1=Q+ 58.
Kc2 Qc1+ 59. Kb3 Ra3+ 60. Kb4 Qc3+ 61. Kb5 Ra5+ 62. Kb6 Qc5+ 63. Kb7 Ra7+ 64. Kb8 Qc7# 0-1

[Event "Late-Titled-Tuesday-Blitz-May-07-2024"]
[Site "Chess.com"]
[Date "2024.05.07"]
[Round "6"]
[White "Romadk"]
[Black "Axf7"]
[Result "0-1"]
[WhiteElo "2491"]
[BlackElo "2059"]
[TimeControl "180+1"]
[EndTime "15:07:10 PDT"]
[Termination "Axf7 won by resignation"]

1. d4 Nf6 2. Nf3 g6 3. c4 Bg7 4.
Nc3 O-O 5. Bg5 d6 6. e3 Nbd7 7. Be2 e5 8. O-O h6 9. Bh4 g5 10. Bg3 e4 11. Nd2 Re8 12. Qc2 Qe7 13. Rfe1 Nf8 14.
Rac1 c6 15. f3 exf3 16. Bxf3 Bg4 17. b4 Bxf3 18. gxf3 Nh5 19. Bf2 Rad8 20. c5 d5 21. b5 Qe6 22. Nf1 Qh3 23. Qd1 Ng6 24. Bg3 Nh4 25.
Rc2 f5 26. Bxh4 Qxh4 27. Rg2 Kh8 28. Ree2 Re7 29. Ng3 Nxg3 30. hxg3 Qh5 31. Ref2 Rxe3 32. bxc6 bxc6 33. Qd2 Rde8 34. Ne2 Rxf3 35. Nc1 Rxf2 36.
Kxf2 Qg4 37. Ne2 Qe4 38. Rh2 Kg8 39. Rg2 Kf7 40. Rh2 Kg6 41. Rg2 h5 42. Rh2 Re7 43. Rg2 h4 44. gxh4 Qxh4+ 45. Kg1 g4 46. Nf4+ Kf7 47.
Nd3 Re4 48. Ne5+ Bxe5 49. dxe5 Qe1+ 50. Kh2 Qxd2 51. Rxd2 Rxe5 52. Rf2 Ke6 53. Kg3 Re3+ 54. Kh4 Rf3 55. Kg5 Rxf2 56. Kg6 Rxa2 57. Kg5 Rc2 58. Kg6 Rxc5 59. Kg5 Rc2 60. Kg6 g3 61. Kg5 g2 62. Kg6 g1=Q+ 0-1

[Event "Late-Titled-Tuesday-Blitz-May-07-2024"]
[Site "Chess.com"]
[Date "2024.05.07"]
[Round "6"]
[White "Indefatigable11"]
[Black "Denmark2015"]
[Result "1/2-1/2"]
[WhiteElo "2397"]
[BlackElo "2580"]
[TimeControl "180+1"]
[EndTime "15:07:11 PDT"]
[Termination "Game drawn by repetition"]

1. d4 e6 2. c4 f5 3. Nc3 Nf6 4. g3 d6 5. Bg2 Be7 6. Nf3 O-O 7.
O-O Ne4 8. Qc2 Nxc3 9. Qxc3 a5 10. b3 Nc6 11. Bb2 Bf6 12. Rfd1 Qe7 13. Rac1 e5 14. dxe5 dxe5 15. Qd2 Be6 16. Qe3 Bf7 17. h4 h6 18.
Rd2 Rad8 19. Rcd1 Rxd2 20. Rxd2 a4 21. Ne1 e4 22. Bxf6 Qxf6 23. Nc2 axb3 24. axb3 Ra8 25. Nd4 Ne5 26. Rd1 Rd8 27. Qc1 Nxc4 28. Nxf5 Rxd1+ 29. Qxd1 Qxf5 30. bxc4 Bxc4 31. Qd8+ Kh7 32. Qxc7 Bxe2 33. Qxb7 Bf3 34. Qb3 Bxg2 35. Kxg2 Qg6 36. Qd5 Qe8 37. h5 Kh8 38. g4 e3 39. fxe3 Qxe3 40. Qf7 Qe2+ 41.
Kg3 Qe3+ 42. Kg2 Qe4+ 43. Kg3 Qd3+ 44. Qf3 Qd6+ 45. Qf4 Qe7 46. Qb8+ Kh7 47. Qb1+ Kg8 48. Qb8+ Kf7 49. Qb3+ Qe6 50. Qb7+ Kf6 51. Qf3+ Ke7 52.
Qb7+ Kf8 53. Qb8+ Kf7 54. Qc7+ Qe7 55. Qf4+ Kg8 56. Qc4+ Kh8 57. Qc8+ Kh7 58. Qf5+ Kg8 59. Qd5+ Kh7 60. Qd3+ Kh8 61. Qf5 Qd6+ 62. Qf4 Qe6 63. Qb8+ Kh7 64. Qb1+ Kg8 65. Qb8+ Kf7 66. Qc7+ Qe7 67.
Qc4+ Qe6 68. Qc7+ 1/2-1/2

[Event "Late-Titled-Tuesday-Blitz-May-07-2024"]
[Site "Chess.com"]
[Date "2024.05.07"]
[Round "6"]
[White "Perecke"]
[Black "TanitoluwaAps116"]
[Result "0-1"]
[WhiteElo "2543"]
[BlackElo "2739"]
[TimeControl "180+1"]
[EndTime "15:07:14 PDT"]
[Termination "TanitoluwaAps116 won by resignation"]

1. e4 c5 2. Nf3 e6 3. d4 cxd4 4. Nxd4 Nf6 5. Nc3 Nc6 6. a3 d5 7. exd5 Nxd5 8. Nxd5 Qxd5 9. Nxc6 Qxc6 10. Qh5 Bd7 11.
c3 Qc5 12. Qxc5 Bxc5 13. Bd3 Bc6 14. O-O O-O-O 15. Bc2 Rd7 16. b4 Bb6 17. c4 Bd4 18.
Rb1 b6 19. Bf4 Rhd8 20. Rfd1 g6 21. Kf1 f6 22. f3 e5 23. Bg3 Bc3 24. Rxd7 Bxd7 25.
Be1 Bd4 26. Bd3 Be6 27. Ke2 Bg1 28. Rc1 Bxh2 29. c5 Kb7 30. Be4+ Bd5 31. cxb6 Bxe4 32.
fxe4 axb6 33. b5 Bf4 34. Rc2 f5 35. exf5 gxf5 36. Bb4 e4 37. a4 Rd4 38. Rb2 h5 39. a5 bxa5 40. Bxa5 h4 41. Rc2 Bg3 42. Rc5 f4 43. Rf5 e3 44. Rf7+ Kb8 45. Bc7+ Kc8 46. b6 Rb4 47. Kf3 Rb2 48. Bd6 e2 49. Re7 e1=Q 50.
Rxe1 Bxe1 51. Bc7 Kb7 52. Kxf4 Bg3+ 53. Kg4 Bxc7 54. Kh3 Rb4 0-1

[Event "Late-Titled-Tuesday-Blitz-May-07-2024"]
[Site "Chess.com"]
[Date "2024.05.07"]
[Round "6"]
[White "Romkachess"]
[Black "Assumpcaos"]
[Result "1-0"]
[WhiteElo "2619"]
[BlackElo "2214"]
[TimeControl "180+1"]
[EndTime "15:07:15 PDT"]
[Termination "Romkachess won on time"]

1. e4 c5 2. Nf3 d6 3. d4 cxd4 4. Nxd4 Nf6 5. Nc3 Nc6 6. Bg5 e6 7. Qd2 Be7 8. O-O-O a6 9. Nxc6 bxc6 10. Bf4 e5 11. Be3 Be6 12. f3 Qa5 13. a3 Rb8 14.
Nb1 Qxd2+ 15. Nxd2 a5 16. Nc4 Bxc4 17. Bxc4 O-O 18.
g4 Rfd8 19. h4 d5 20. Ba2 dxe4 21.
g5 Nd5 22. Ba7 Ra8 23. fxe4 Nf4 24. Bb6 Rdb8 25. Bc7 Ne2+ 26. Kb1 Nc3+ 27. Ka1 Nxd1 28. Bxb8 Rxb8 29. Rxd1 Rd8 30. Rf1 Rf8 31. Bc4 g6 32. Rd1 Kg7 33. Rd7 Re8 34. Rb7 h6 35. Ka2 hxg5 36. hxg5 Bxg5 37. Rxf7+ Kh6 38. Rc7 Be3 39.
Rxc6 Kh5 40. Bf7 Rb8 41. Bxg6+ Kg5 42. Bf5 Kf4 43. c3 Bc1 44. b4 a4 45. Rd6 Rh8 46.
Rd1 Rh2+ 47. Kb1 Bd2 48. Kc2 Be3+ 49. Kd3 Bf2 50. Rf1 Kg5 51. Kc4 Kf6 52. Kb5 Bg3 53. Kxa4 1-0

[Event "Late-Titled-Tuesday-Blitz-May-07-2024"]
[Site "Chess.com"]
[Date "2024.05.07"]
[Round "6"]
[White "DonMicheleCorleone"]
[Black "carlsenCamacho"]
[Result "0-1"]
[WhiteElo "2490"]
[BlackElo "2334"]
[TimeControl "180+1"]
[EndTime "15:07:16 PDT"]
[Termination "carlsenCamacho won by resignation"]

1. e4 e5 2. Nf3 Nc6 3. Bc4 Nf6 4. Ng5 d5 5. exd5 Na5 6. Bb5+ c6 7. dxc6 bxc6 8.
Qf3 Bb7 9. Bd3 h6 10. Ne4 Be7 11. O-O O-O 12. Nxf6+ Bxf6 13. b4 Nc4 14. Bxc4 e4 15. Qxe4 Bxa1 16. Bd3 g6 17. c3 a5 18. b5 Re8 19.
Qf3 Qd5 20. Qxd5 cxd5 21. Na3 d4 22. Nc2 dxc3 23. Nxa1 cxd2 24. Bb2 Re1 25. Bc2 Rae8 26. f3 Rxf1+ 27. Kxf1 Re1+ 28. Kf2 d1=Q 29. Bxd1 Rxd1 30.
Ke2 Rb1 31. Bd4 Rxb5 32. Nb3 Bd5 33. Bc3 a4 34. Nd4 Rc5 35. Kd3 Bc4+ 36. Ke4 Bxa2 37.
Bb4 Bb1+ 38. Ke3 Rh5 39. h3 Rd5 40. g4 h5 41. Ba3 Ba2 42. Bb4 Bc4 43. Ba3 f6 44. h4 Kf7 45. Ke4 Re5+ 46. Kf4 Bd5 47. g5 Re1 48. Nb5 fxg5+ 49. hxg5 Rf1 50. Ke5 Bxf3 51.
Nd6+ Kg7 52. Ne8+ Kf7 53. Nd6+ Kg8 54. Kf6 Be4+ 55. Ke5 Bc2 56. Ne8 h4 57. Nf6+ Rxf6 58. gxf6 h3 59. Ke6 Bb3+ 60. Ke7 h2 0-1

[Event "Late-Titled-Tuesday-Blitz-May-07-2024"]
[Site "Chess.com"]
[Date "2024.05.07"]
[Round "6"]
[White "FelixBlohberger"]
[Black "rdarruda"]
[Result "1-0"]
[WhiteElo "2747"]
[BlackElo "2569"]
[TimeControl "180+1"]
[EndTime "15:07:18 PDT"]
[Termination "FelixBlohberger won on time"]

1. Nf3 d5 2. g3 Nf6 3. Bg2 c6 4. O-O g6 5. b3 Bg7 6. Bb2 O-O 7. c4 Nbd7 8. d4 Ne4 9. Nbd2 Ndf6 10. e3 Bg4 11. h3 Nxd2 12. Qxd2 Ne4 13. Qe2 Be6 14. Rfd1 Qa5 15. Ne5 Rfd8 16. cxd5 cxd5 17. Nd3 b6 18. a3 Nc3 19. Bxc3 Qxc3 20. Qa2 g5 21. Rac1 Qa5 22. Nb4 Re8 23. Bf1 b5 24. Rc5 a6 25. Nxd5 Bxd5 26. Rxd5 h6 27. b4 Qb6 28. Rc1 e5 29. Rd7 Qe6 30. Qxe6 Rxe6 31.
d5 Rf6 32. Rcc7 Bf8 33. Bd3 a5 34. Ra7 Rxa7 35. Rxa7 axb4 36. axb4 Bxb4 37. Bxb5 Kf8 38. Kg2 Rb6 39. Be2 Bc5 40. Bh5 Be7 41. Ra8+ Kg7 42.
Ra7 Kf8 43. Ra2 Rb5 44. e4 Bc5 45. Bg4 Kg7 46. Bh5 Rb7 47. Kf3 Rb3+ 48. Kg4 Rb7 49. f3 Rc7 50. h4 gxh4 51. Kxh4 Be7+ 52. Kg4 Rd7 53. Ra6 Rd6 54. Ra7 Kf6 55. f4 exf4 56. gxf4 1-0

[Event "Late-Titled-Tuesday-Blitz-May-07-2024"]
[Site "Chess.com"]
[Date "2024.05.07"]
[Round "6"]
[White "m_ezat"]
[Black "Supelyel"]
[Result "1-0"]
[WhiteElo "2577"]
[BlackElo "2411"]
[TimeControl "180+1"]
[EndTime "15:07:19 PDT"]
[Termination "m_ezat won by checkmate"]

1. e4 d6 2. d4 Nf6 3. Nc3 e5 4. dxe5 dxe5 5. Qxd8+ Kxd8 6. f4 Bb4 7. Bd3 Nc6 8. Nf3 Re8 9. O-O Bg4 10. fxe5 Nxe5 11. Nxe5 Rxe5 12. Bf4 Re8 13. Bg5 Be7 14. e5 Nd7 15.
Bf4 Be6 16. Rad1 Kc8 17. Bg3 h6 18. Bf5 Bc5+ 19. Kh1 Re7 20. Nd5 Re8 21. b4 Bf8 22. Ne3 a5 23. Bxe6 fxe6 24. Rf7 Nb6 25. b5 g5 26. Ng4 Bc5 27. Nxh6 a4 28. Ng4 Ra5 29.
Nf6 Rh8 30. Rb1 a3 31. Ne4 Bd4 32. c3 Be3 33. Rf3 Bf4 34. Bxf4 gxf4 35. Rxf4 Ra4 36. g3 Kb8 37. Nc5 Ra5 38. Nxe6 Re8 39. Nc5 Rxe5 40.
Rf8+ Ka7 41. Nb3 Raxb5 42. Rd1 Re2 43. Nd4 Rbb2 44. Nxe2 Rxe2 45. Ra1 Nc4 46. Kg1 Nd2 47. Rf2 Rxf2 48. Kxf2 Ne4+ 49. Ke3 Nxc3 50. g4 Nd5+ 51. Kd4 Nf6 52. g5 Nh5 53. h4 b5 54. Kc5 Ka6 55. Kb4 c5+ 56. Kxc5 Ka5 57. Rb1 b4 58. Rxb4 Ng7 59.
Rb5+ Ka4 60. Rb6 Nf5 61. Ra6# 1-0

[Event "Late-Titled-Tuesday-Blitz-May-07-2024"]
[Site "Chess.com"]
[Date "2024.05.07"]
[Round "6"]
[White "bazar-wokzal"]
[Black "BardArtem"]
[Result "0-1"]
[WhiteElo "2596"]
[BlackElo "2786"]
[TimeControl "180+1"]
[EndTime "15:07:20 PDT"]
[Termination "BardArtem won by resignation"]

1. e4 c6 2. d4 d5 3. f3 Qb6 4. Nc3 dxe4 5. fxe4 e5 6. Nf3 exd4 7. Qxd4 Qxd4 8. Nxd4 Bd6 9. Bc4 Nf6 10. O-O Bc5 11.
Be3 O-O 12. h3 Nbd7 13. Bb3 Ne5 14. Na4 Bd6 15. Nf5 Bxf5 16. exf5 Rfd8 17. Rad1 Rd7 18. Nc5 Bxc5 19. Bxc5 b6 20. Bd4 Re7 21. g4 h6 22.
Kg2 c5 23. Bxe5 Rxe5 24. Rfe1 Rxe1 25. Rxe1 Kf8 26. Rd1 Ke7 27. Kf3 Nd7 28. Kf4 f6 29. h4 Ne5 30. g5 hxg5+ 31. hxg5 Rh8 32. gxf6+ gxf6 33. Rg1 c4 34. Ba4 c3 35. b3 a6 36.
b4 Rh4+ 37. Ke3 Rxb4 38. Bb3 a5 39. Rg7+ Kd6 40. a3 Rh4 41. Rb7 a4 42. Be6 Kc6 43. Rb8 b5 44. Rc8+ Kb6 45. Rxc3 Rh3+ 46. Kd4 Rxc3 47.
Kxc3 Kc5 48. Bc8 Nc4 49. Be6 Nxa3 50. Bg8 b4+ 51. Kd3 Nb5 52. Ba2 Nc3 53. Be6 a3 0-1

[Event "Late-Titled-Tuesday-Blitz-May-07-2024"]
[Site "Chess.com"]
[Date "2024.05.07"]
[Round "6"]
[White "Temirlan_Baltabaev"]
[Black "Rodalquilar"]
[Result "0-1"]
[WhiteElo "2573"]
[BlackElo "2773"]
[TimeControl "180+1"]
[EndTime "15:07:20 PDT"]
[Termination "Rodalquilar won by resignation"]

1. d4 d5 2. Nf3 Nf6 3. c4 e6 4. g3 Be7 5. Bg2 O-O 6. O-O dxc4 7. Ne5 Qd6 8. Nxc4 Qa6 9. b3 Rd8 10. Bb2 c5 11. e3 cxd4 12. exd4 Bd7 13. Nbd2 Bc6 14.
Nf3 Bd5 15. Qe2 Nc6 16. Rfd1 Rac8 17. Nfe5 Nb4 18. a3 Nc6 19. Bxd5 exd5 20. Nxc6 bxc6 21. Qxe7 dxc4 22. bxc4 Qxc4 23. Rac1 Qb3 24. Rd2 Re8 25. Qxa7 Ne4 26. Rdc2 Ng5 27. Qd7 Nf3+ 28. Kg2 Rcd8 29. Qxc6 Ne1+ 30. Rxe1 Rxe1 31. Qc4 Qb7+ 32. Qc6 Qe7 33. a4 Re6 34. Qf3 Rf6 35. Qe3 Qd7 36.
f3 Qxa4 37. Re2 Re6 38. Qd3 Rxe2+ 39. Qxe2 Rc8 40. Kh3 h6 41. Qe4 Qb5 42. Ba3 Qf1+ 43. Kg4 Qa6 44. Kh3 Qxa3 45. d5 Qd6 46. f4 Rd8 47.
Qd4 Qd7+ 48. Kh4 Qxd5 49. Qe3 Qd7 50. g4 Re8 51. Qf3 Qe7+ 52. Kg3 Qe1+ 53. Kg2 Qe2+ 54. Kg3 Qxf3+ 55. Kxf3 Ra8 0-1

[Event "Late-Titled-Tuesday-Blitz-May-07-2024"]
[Site "Chess.com"]
[Date "2024.05.07"]
[Round "6"]
[White "stasOR4ik"]
[Black "Zq1"]
[Result "0-1"]
[WhiteElo "2464"]
[BlackElo "2613"]
[TimeControl "180+1"]
[EndTime "15:07:22 PDT"]
[Termination "Zq1 won by resignation"]

1. e4 c5 2. c3 d5 3. exd5 Nf6 4. Nf3 Nxd5 5. d4 cxd4 6. cxd4 g6 7. Nc3 Bg7 8. h3 O-O 9. Bc4 Nxc3 10. bxc3 Nc6 11.
O-O b6 12. Re1 Bb7 13. Bg5 Re8 14. Qb3 Rf8 15. Qa3 Bf6 16. Bh6 Bg7 17. Bg5 Bf6 18. Re3 Na5 19. Be2 Bd5 20. Re1 e6 21. Bxf6 Qxf6 22. Ne5 Qd8 23. c4 Bb7 24. Qc3 Nc6 25. d5 exd5 26. cxd5 Nxe5 27. Rxe5 Rc8 28. Qd4 Qd6 29.
Bg4 Rc5 30. Re7 Rxd5 31. Qc3 Rc5 32. Qg3 Qxg3 33. fxg3 Bd5 34. R1e2 h5 35. Bd7 Ra5 36. a4 Bb3 37. Bb5 Bxa4 38. Bc4 Bb5 39. Bxb5 Rxb5 40. Rxa7 Rg5 41. Kh2 Rb8 42. Ree7 Rf5 43. g4 hxg4 44. hxg4 Rf6 45. Kg3 b5 46. Ra3 b4 47. Rb3 Rfb6 48.
Re4 R8b7 49. Kf4 Kg7 50. Ke3 Re6 51. Rxe6 fxe6 52. Ke4 Kf6 53. g3 Kg5 54. Kf3 Rb5 55.
Re3 b3 56. Re1 b2 57. Rb1 Rb3+ 58. Kg2 Kxg4 0-1

[Event "Late-Titled-Tuesday-Blitz-May-07-2024"]
[Site "Chess.com"]
[Date "2024.05.07"]
[Round "6"]
[White "esrosenberg"]
[Black "boguszp"]
[Result "1-0"]
[WhiteElo "2324"]
[BlackElo "2034"]
[TimeControl "180+1"]
[EndTime "15:07:24 PDT"]
[Termination "esrosenberg won on time"]

1. d4 d5 2. Nf3 Nf6 3. c3 Bf5 4. Qb3 Qc8 5. c4 e6 6. Nc3 c6 7. Bf4 Nbd7 8. Rc1 dxc4 9. Qxc4 Be7 10. h3 O-O 11. e3 h6 12. Be2 a5 13. O-O a4 14. a3 Nb6 15. Qa2 Rd8 16. Ne5 Nbd5 17. Bh2 Nxc3 18. Rxc3 Ne4 19. Rcc1 Nd2 20. Rfd1 Nb3 21.
Rc3 Be4 22. Bc4 Bd5 23. Bxd5 exd5 24. Nd3 Qf5 25. Nc1 Na5 26. Nd3 Nc4 27. Qb1 b5 28. Ne5 Qxb1 29. Rxb1 Rac8 30. f3 f6 31. Nxc4 dxc4 32. Kf2 c5 33. Rd1 cxd4 34. exd4 Rd5 35. Ke2 Re8 36. Bg1 Bb4+ 37. Kd2 Bxc3+ 38. bxc3 f5 39. Bh2 Rd7 40. Rb1 Rb7 41. Be5 Kf7 42.
f4 g6 43. g4 Ke6 44. Ke3 Kd5 45. Rg1 fxg4 46. hxg4 Re6 47. Rh1 g5 48. f5 Reb6 49.
Kf3 Rf7 50. Re1 Rc6 51. Bg3 Rb6 52. Re5+ Kc6 53. Re6+ Kb7 54. Re8 Rc6 55. Be5 1-0

[Event "Late-Titled-Tuesday-Blitz-May-07-2024"]
[Site "Chess.com"]
[Date "2024.05.07"]
[Round "6"]
[White "GianmarcoVaR"]
[Black "penguingm1"]
[Result "1-0"]
[WhiteElo "2775"]
[BlackElo "2889"]
[TimeControl "180+1"]
[EndTime "15:07:25 PDT"]
[Termination "GianmarcoVaR won on time"]

1. e4 e5 2. Nf3 Nc6 3. Bc4 Nf6 4. d3 h6 5. O-O d6 6. a4 g6 7. a5 Bg7 8. a6 b6 9. c3 O-O 10. b4 d5 11. exd5 Nxd5 12. b5 Na5 13. Ba3 Re8 14. Ba2 c6 15. Bxd5 Qxd5 16. c4 Qd7 17.
Nc3 cxb5 18. cxb5 Rd8 19. Qe2 e4 20. Qxe4 Bxc3 21. Qxa8 Bxa1 22. Rxa1 Bxa6 23. Qe4 Bb7 24. Qe5 Qe6 25. Qxe6 fxe6 26. Ne5 Rd5 27. Nxg6 Rxb5 28. d4 Kf7 29. Ne5+ Kf6 30. Bd6 Nb3 31. Rxa7 Nxd4 32.
h3 Rd5 33. Rxb7 Rxd6 34. Nc4 Rc6 35. Nxb6 Rc1+ 36. Kh2 Rc2 37. Nd7+ Kf5 38. Kg3 Ne2+ 39. Kh2 Nd4 40. Nf8 e5 41. Rf7+ Ke4 42. Ng6 h5 43. Re7 Rxf2 44. Rxe5+ Kd3 45. Rxh5 Rf1 46. Ne5+ Ke4 47.
Ng4 Ra1 48. Re5+ Kf4 49. Re8 Nf5 50. Re2 Kg5 51. Rf2 Ra3 52. Ne5 Ne3 53. Rf3 Rc3 54.
Nc4 1-0

[Event "Late-Titled-Tuesday-Blitz-May-07-2024"]
[Site "Chess.com"]
[Date "2024.05.07"]
[Round "6"]
[White "DrVelja"]
[Black "MarkusRagger"]
[Result "0-1"]
[WhiteElo "2981"]
[BlackElo "2809"]
[TimeControl "180+1"]
[EndTime "15:07:28 PDT"]
[Termination "MarkusRagger won on time"]

1. e4 e5 2. Nf3 Nc6 3. Bb5 a6 4. Ba4 Bc5 5. O-O Nge7 6. c3 Ba7 7. d4 Ng6 8. Bxc6 dxc6 9. Nxe5 Nxe5 10. dxe5 Qe7 11.
Qf3 Qxe5 12. Bf4 Qe7 13. Qg3 f6 14. Bxc7 h5 15. h4 Be6 16. Nd2 Kf7 17. Bd6 Qd7 18. e5 Rh6 19. Ne4 Rg6 20. Qd3 Bd5 21. Ng3 Qg4 22. Rfe1 Kg8 23. e6 Re8 24. e7 f5 25. c4 Bxc4 26. Qd2 Bd5 27. Bf4 Bc5 28. b4 Bxe7 29. Re5 Re6 30. Rae1 Bf6 31. Rxe6 Rxe6 32. Rxe6 Bxe6 33. Qd6 Bd5 34. f3 Qg6 35. Be5 Kh7 36.
Bxf6 Qxf6 37. Qxf6 gxf6 38. Nxh5 Bxa2 39. Nxf6+ Kg6 40.
Nd7 Bc4 41. Kf2 Bb5 42. g4 fxg4 43. fxg4 Kf7 44. Kg3 Ke7 45. Nb6 c5 46. bxc5 a5 47. Nd5+ Kf7 48. Nc3 Bc6 49. Kf4 a4 50. Nb1 Bd5 51.
Na3 Bb3 52. h5 Bd1 53. Kg5 Kg7 54. Kh4 Kf6 55. g5+ Kf5 56. g6 Kf6 57. Nc4 Bb3 58.
Ne3 a3 59. Ng4+ Ke7 0-1